 Dungeon Crawl Stone Soup version 0.20.1-1-g8b1a95d (webtiles) character file.

3155 dohliylev the Unseen (level 9, -18/57 HPs)
             Began as a Vampire Enchanter on Dec 25, 2017.
             Was a Priest of Makhleb.
             Demolished by an orc warrior
             ... wielding a +0 scimitar
              (24 damage)
             ... on level 7 of the Dungeon on Dec 26, 2017.
             The game lasted 00:33:09 (9946 turns).

dohliylev the Unseen (Vampire Enchanter)            Turns: 9946, Time: 00:33:10

Health: -18/57     AC:  4    Str: 15    XL:     9   Next: 62%
Magic:  2/12       EV: 13    Int: 20    God:    Makhleb [***...]
Gold:   242        SH:  5    Dex: 15    Spells: 3/12 levels left

rFire    . . .     SeeInvis +   a - +2 dagger (venom)
rCold    . . .     Gourm    .   d - +0 buckler of the Everdark {Str+5}
rNeg     + . .     Faith    .   w - +0 robe
rPois    .         Spirit   .   r - +0 helmet
rElec    .         Reflect  .   (no cloak)
rCorr    .         Harm     .   j - +0 pair of gloves
MR       .....                  (no boots)
Stlth    ++++++....             (no amulet)
Regen    0.2/turn               f - +3 ring of strength
MPRegen  0.2/turn               (no ring)

@: no status effects
A: fangs 3, see invisible, unbreathing
a: Bat Form, Minor Destruction, Lesser Servant of Makhleb, Renounce Religion


You were on level 7 of the Dungeon.
You worshipped Makhleb.
Makhleb was most pleased with you.
You were not thirsty.

You visited 1 branch of the dungeon, and saw 7 of its levels.

You collected 242 gold pieces.

Inventory:

Hand Weapons
 a - a +2 dagger of venom (weapon)
Armour
 d - the +0 buckler of the Everdark (worn) {Str+5}
   (You found it on level 6 of the Dungeon)

   It affects your strength (+5).
 j - a +0 pair of gloves (worn)
 r - a +0 helmet (worn)
 w - a +0 robe (worn)
Jewellery
 f - a +3 ring of strength (left hand)
Wands
 m - a wand of iceblast (5/15)
 p - a wand of paralysis (8/24)
Scrolls
 b - a scroll of recharging {unknown}
 e - a scroll of teleportation {unknown}
 g - 6 scrolls of remove curse
 i - a scroll of fog
 k - 5 scrolls of identify
 l - a scroll of fear
 n - 2 scrolls of enchant armour
 u - a scroll of amnesia {unknown}
Potions
 h - 3 potions of mutation {unknown}
 o - a potion of resistance {unknown}
 q - 3 potions of curing {unknown}
 s - a potion of agility {unknown}
 t - a potion of flight {unknown}
Books
 c - a book of Maledictions

   Spells                             Type                      Level
   a - Corona                         Hexes                        1
   b - Ensorcelled Hibernation        Hexes/Ice                    2
   c - Confuse                        Hexes                        3
   d - Tukima's Dance                 Hexes                        3
   e - Dazzling Spray                 Conjuration/Hexes            3
 v - a book of Necromancy

   Spells                             Type                      Level
   a - Pain                           Necromancy                   1
   b - Animate Skeleton               Necromancy                   1
   c - Vampiric Draining              Necromancy                   3
   d - Regeneration                   Charms/Necromancy            3
   e - Animate Dead                   Necromancy                   4
   f - Control Undead                 Necromancy                   4


   Skills:
 - Level 1.1 Short Blades
 - Level 2.1 Dodging
 - Level 16.0 Stealth
 + Level 4.3 Shields
 - Level 2.0 Spellcasting
 - Level 0.3 Conjurations
 - Level 10.0 Hexes
 - Level 0.8 Ice Magic


You had 3 spell levels left.
You knew the following spells:

 Your Spells              Type           Power        Failure   Level  Hunger
a - Corona                Hex            #####..      1%          1    #......
b - Ensorcelled Hibernat  Hex/Ice        ###...       2%          2    ##.....
c - Dazzling Spray        Conj/Hex       ###...       5%          3    ###....
d - Confuse               Hex            #####...     1%          3    ###....


Dungeon Overview and Level Annotations

Branches:
Dungeon (7/15)
 Temple: D:4-7

Altars:
Gozag
Makhleb
Nemelex Xobeh
Ru
Trog
Uskayaw
Zin

Shops:
D:4 *


Innate Abilities, Weirdness & Mutations

You have razor-sharp teeth.
You have supernaturally acute eyesight. (SInv)
You can survive without breathing.


Message History

You hit the orc priest.
The orc priest is poisoned.
The orc priest is almost dead.
The orc priest calls down the wrath of Beogh upon you.
Beogh smites you! You block the orc's attack.
You block the orc warrior's attack.
You hit the orc priest.
The orc priest looks even sicker.
The orc priest is almost dead.
The orc priest looks braver for a moment.
The orc hits you but does no damage. The orc misses you.
The orc warrior hits you with a scimitar!
* * * LOW HITPOINT WARNING * * *
You hit the orc priest.
You kill the orc priest!
Makhleb accepts your kill.
You feel better.
The orc hits you from afar with a trident.
* * * LOW HITPOINT WARNING * * *
The orc barely misses you.
The orc warrior hits you with a scimitar!!
You die...

#≈≈.≈≈## #÷÷..
## ##≈#§#§.##
#####
...#.≈#_#≈..####
###
#...≈#'#≈.....#
#.###
#.#.≈≈.≈≈...#.#
#....
..#..##....#.#.#
##### ....
##..##.#.# #.<
#.###.#h#### ##
.>....hhYo@o#
###.###.#o##†#
........# .#
.......## .#
##.##.## ## .
... ..# # ## ..
##


You could see an orc warrior, an ice beast, 2 orcs and 3 jackals.

Vanquished Creatures
  Pikel (D:6)
  Sigmund (D:4)
  Menkaure (D:6)
  Duvessa (D:5)
  2 orc warriors
  3 slaves
  2 sky beasts (D:6)
  A black bear (D:4)
  2 ogres (D:7)
  2 phantoms
  2 centaurs (D:5)
  A big kobold (D:7)
  A bullfrog (D:6)
  A scorpion (D:5)
  Dowan (D:5)
  7 wights
  3 crimson imps (D:6)
  A centaur skeleton (D:5)
  2 orc wizards (D:6)
  2 orc priests
  A bullfrog zombie (D:6)
  A hound (D:5)
  A bullfrog skeleton (D:6)
  Terence (D:2)
  Jessica (D:2)
  2 iguanas (D:6)
  8 worker ants
  A hound skeleton (D:6)
  Robin (D:1)
  9 adders
  An ooze (D:1)
  3 worms
  5 dart slugs
  4 leopard geckos
  15 orcs
  A ball python (D:2)
  3 giant cockroaches
  7 hobgoblins
  10 jackals
  11 kobolds
  3 quokkas
  6 bats
  3 frilled lizards
  18 goblins
  A quokka zombie (D:4)
  6 rats
160 creatures vanquished.

Notes
Turn   | Place    | Note
-------+----------+-------------------------------------------
     0 | D:1      | dohliylev the Vampire Enchanter began the quest for the Orb.
     0 | D:1      | Reached XP level 1. HP: 13/13 MP: 3/3
   258 | D:1      | Reached skill level 5 in Stealth
   415 | D:1      | Reached XP level 2. HP: 16/19 MP: 3/5
   419 | D:1      | Learned a level 2 spell: Ensorcelled Hibernation
   524 | D:2      | Noticed Terence
   534 | D:2      | Killed Terence
   534 | D:2      | Reached skill level 6 in Stealth
   534 | D:2      | Reached XP level 3. HP: 22/24 MP: 1/6
   647 | D:2      | Noticed Jessica
   658 | D:2      | Killed Jessica
   658 | D:2      | Reached skill level 7 in Stealth
   658 | D:2      | Reached XP level 4. HP: 30/30 MP: 0/7
  1033 | D:3      | Reached skill level 8 in Stealth
  1069 | D:4      | Noticed a phantom
  1084 | D:3      | Learned a level 3 spell: Dazzling Spray
  1301 | D:4      | Found an opulent altar of Gozag.
  1346 | D:4      | Found Gozag's Platinum Reserve.
  1452 | D:4      | Reached XP level 5. HP: 19/35 MP: 1/8
  1740 | D:5      | Entered Level 5 of the Dungeon
  1740 | D:5      | Noticed a centaur
  1742 | D:5      | Killed a centaur
  1742 | D:5      | Reached skill level 9 in Stealth
  1742 | D:5      | Reached skill level 5 in Hexes
  1821 | D:5      | Found a burning altar of Makhleb.
  1828 | D:5      | Became a worshipper of Makhleb the Destroyer
  2099 | D:2      | Reached XP level 6. HP: 41/41 MP: 6/9
  2563 | D:2      | Noticed Robin
  3451 | D:2      | Found a sacrificial altar of Ru.
  3522 | D:1      | Killed Robin
  4205 | D:2      | Reached * piety under Makhleb
  4939 | D:2      | Learned a level 3 spell: Confuse
  5085 | D:3      | Reached skill level 10 in Stealth
  5142 | D:3      | Found an opulent altar of Gozag.
  5692 | D:4      | Found a bloodstained altar of Trog.
  5695 | D:4      | Noticed Sigmund
  5702 | D:4      | Killed Sigmund
  5702 | D:4      | Reached skill level 11 in Stealth
  5702 | D:4      | Reached XP level 7. HP: 46/46 MP: 7/10
  6251 | D:5      | Noticed Dowan
  6256 | D:5      | Killed Dowan
  6256 | D:5      | Reached skill level 12 in Stealth
  6290 | D:5      | Noticed Duvessa
  6294 | D:5      | Killed Duvessa
  6294 | D:5      | Reached XP level 8. HP: 52/52 MP: 6/11
  6318 | D:5      | Found a hide-covered altar of Uskayaw.
  6318 | D:5      | Noticed a dagger
  6319 | D:5      | Noticed a dagger
  6323 | D:5      | Reached ** piety under Makhleb
  7044 | D:6      | Reached skill level 13 in Stealth
  7057 | D:6      | Got a smoking buckler
  7063 | D:6      | Identified the +0 buckler of the Everdark {Str+5} (You found it on level 6 of the Dungeon)
  7439 | D:6      | Reached skill level 10 in Hexes
  7526 | D:6      | Noticed Menkaure
  7556 | D:6      | Killed Menkaure
  7556 | D:6      | Reached skill level 14 in Stealth
  7557 | D:6      | Noticed Pikel
  8162 | D:6      | Reached XP level 9. HP: 57/57 MP: 7/12
  8242 | D:6      | Killed Pikel
  8242 | D:6      | Reached skill level 15 in Stealth
  8242 | D:6      | Reached skill level 1 in Shields
  8575 | D:6      | Reached skill level 16 in Stealth
  9431 | D:6      | Found a glowing silver altar of Zin.
  9586 | D:7      | Reached *** piety under Makhleb
  9910 | D:7      | Found a sparkling altar of Nemelex Xobeh.
  9946 | D:7      | Demolished by an orc warrior

Skill      XL: |  1  2  3  4  5  6  7  8  9 |
---------------+----------------------------+-----
Stealth        | 5 6 7 8 9 11 12 14 16 | 16.0
Hexes          | 5 7 9 10 | 10.0
Shields        | 4 |  4.3
Short Blades   | |  1.1
Dodging        | |  2.1
Spellcasting   | |  2.0
Conjurations   | |  0.3
Ice Magic      | |  0.8

Action                   |  1- 3 |  4- 6 |  7- 9 || total
-------------------------+-------+-------+-------++-------
Melee: Dagger            |    36 |   176 |   236 ||   448
       Bite              |       |    11 |    16 ||    27
 Cast: Corona            |     4 |     3 |     4 ||    11
       Ensorcelled Hiber |     6 |    84 |    74 ||   164
       Dazzling Spray    |       |    13 |    16 ||    29
       Confuse           |       |     4 |    23 ||    27
 Abil: End Transformatio |       |       |     1 ||     1
       Bat Form          |       |       |     1 ||     1
  Use: Potion            |       |     1 |     2 ||     3
       Scroll            |       |       |     6 ||     6
 Stab: Sleeping          |     5 |    51 |    47 ||   103
       Confused          |       |     2 |    12 ||    14
       Distracted        |       |     1 |       ||     1
       Invisible         |       |       |     1 ||     1
  Eat: Corpse            |     3 |    20 |    16 ||    39
Armor: Robe              |     4 |    36 |    24 ||    64
Dodge: Dodged            |    12 |   115 |   125 ||   252
Block: Buckler           |       |       |    28 ||    28
